 Dungeon Crawl Stone Soup version 0.26.1-15-g04117e645d (webtiles) character file.

Game seed: 4883507844375243535

12781 suipiss the Thaumaturge (level 11, -12/68 HPs)
             Began as a Mummy Necromancer on Dec 29, 2022.
             Was an Elder of Ashenzari.
             Killed from afar by a hell hog (17 damage)
             ... with a fireball
             ... in a Gauntlet.
             The game lasted 00:34:07 (14453 turns).

suipiss the Thaumaturge (Mummy Necromancer)        Turns: 14453, Time: 00:34:08

Health: -12/68     AC: 18    Str: 12    XL:     11   Next: 67%
Magic:  41/45      EV: 11    Int: 18    God:    Ashenzari [****..]
Gold:   928        SH:  5    Dex: 14    Spells: 24/34 levels left

rFire    . . .     SeeInvis +   f - +8 dagger of a volcano {protect, MP+9 Int+2}
rCold    + . .     Faith    +   p - +0 buckler
rNeg     + + +     Spirit   .   r - +4 pearl dragon scales
rPois    ∞         Reflect  .   (no helmet)
rElec    .         Harm     .   C - +2 cloak {rCorr}
rCorr    +         Rampage  .   (no gloves)
Will     +....     Clarity  +   (no boots) Stlth ..........NoTele +
                                s - amulet of faith (curse)
HPRegen  0.21/turn              i - ring of magical power (curse)
MPRegen  0.29/turn              h - ring of protection from fire

@: no status effects
A: no potions, fire vulnerability, cold resistance 1, negative energy resistance
3, torment resistance, unbreathing
a: Renounce Religion, Curse Item, Scrying


You were in a Gauntlet.
You worshipped Ashenzari.
Ashenzari was greatly pleased with you.
You visited 3 branches of the dungeon, and saw 13 of its levels.
You also visited: Gauntlet.

You collected 928 gold pieces.

Inventory:

Hand Weapons
 f - the +8 dagger of a volcano (weapon) {protect, MP+9 Int+2}
   (You found it on level 6 of the Dungeon)

   It grants its wielder temporary protection when it strikes (+7 to AC).
   It affects your intelligence (+2).
   It affects your magic capacity (+9).
 g - a +1 vampiric short sword
 m - the +6 whip of Mastery {vorpal, Dex+3 Stlth+}
   (You found it on level 5 of the Dungeon)

   It inflicts extra damage upon your enemies.
   It affects your dexterity (+3).
   It makes you more stealthy.
 n - the +10 war axe "Oguirem" {venom, rC+ rN+ Str+3}
   (You found it on level 5 of the Dungeon)

   It poisons the flesh of those it strikes.
   It affects your strength (+3).
   It protects you from cold.
   It protects you from negative energy.
Armour
 a - a +0 robe
 p - a +0 buckler (worn)
 q - +0 steam dragon scales
 r - +4 pearl dragon scales (worn)
 B - +0 acid dragon scales
 C - a +2 cloak of preservation (worn)
Magical Staves
 z - an uncursed staff of conjuration
 A - an uncursed staff of death
Jewellery
 h - a ring of protection from fire (right hand)
 i - a cursed ring of magical power (left hand)
 j - an uncursed ring of see invisible
 s - a cursed amulet of faith (around neck)
 t - an uncursed ring of flight
Wands
 c - a wand of polymorph (15)
 o - a wand of random effects (7)
 u - a wand of iceblast (9)
 v - a wand of acid (6)
 y - a wand of digging (6)
Scrolls
 b - 4 scrolls of immolation
 d - 6 scrolls of identify
 e - 4 scrolls of amnesia
 k - 3 scrolls of teleportation
 l - 5 scrolls of remove curse
 w - a scroll of vulnerability
Miscellaneous
 x - a lightning rod (2/4)


   Skills:
 - Level 4.0 Armour
 + Level 6.3 Dodging
 - Level 1.5 Stealth
 - Level 4.0 Shields
 * Level 12.4 Spellcasting
 + Level 9.5(11.6) Necromancy
 * Level 7.0(9.4) Ice Magic


You had 24 spell levels left.
You knew the following spells:

 Your Spells              Type           Power        Failure   Level
a - Pain                  Necr           100%         1%          1
b - Animate Skeleton      Necr           100%         1%          1
c - Vampiric Draining     Necr           26%          1%          3
d - Agony                 Necr           52%          10%         5

Your spell library contained the following spells:

 Spells                   Type           Power        Failure   Level
 Animate Dead             Necr           26%          3%          4
 Beastly Appendage        Tmut           Unusable     N/A         1
 Wereblood                Tmut           Unusable     N/A         2
 Ice Form                 Ice/Tmut       Unusable     N/A         4
 Spider Form              Tmut/Pois      Unusable     N/A         3
 Blade Hands              Tmut           Unusable     N/A         5

Dungeon Overview and Level Annotations

Branches:
Dungeon (11/15)            Temple (1/1) D:4            Lair (1/6) D:10
    Orc (0/2) D:11        Gauntlet (1/1)

Altars:
Ashenzari
Cheibriados
Dithmenos
Elyvilon
Fedhas
Gozag
Hepliaklqana
Kikubaaqudgha
Makhleb
Nemelex Xobeh
Okawaru
Qazlal
Ru
Sif Muna
Trog
Uskayaw
Vehumet
Xom
Yredelemnul
The Shining One
Beogh

Shops:
D:10 }

Annotations:
Gauntlet 13 transporters, 21 runed translucent doors


Innate Abilities, Weirdness & Mutations

You do not drink.
Your flesh is vulnerable to fire.
You are immune to poison.
Your flesh is cold resistant. (rC+)
You are immune to negative energy. (rN+++)
You are immune to unholy pain and torment.
You can survive without breathing.


Message History

Aim: a hell hound (moderately wounded, 40% to evade)
The bolt of acid misses the hell hog.
The bolt of acid hits the hell hound!
The hell hound is splashed with acid.
The hell hound is almost dead.
You block the hell hog's attack.
Aiming: Thunderbolt
Press: ? - help, Shift-Dir - straight line, f/p - hell hound
Aim: a hell hound (almost dead)
The thunderbolt hits the hell hound!
You kill the hell hound!
The thunderbolt hits the hell hog!!
The hell hog is severely wounded.
The green ugly thing gurgles horribly!
The hell hound breathes flames at you.
The blast of flame hits the hell hog.
The hell hog resists.
The blast of flame hits you!
* * * LOW HITPOINT WARNING * * *
The hell hog breathes fire at you.
The fireball explodes!
The fireball engulfs you!
You die...

........©#≈≈≈≈8≈≈≈≈#©...........©
#################################
.#.#.........#.#.........#.#w....
.#.#.#...###.#.#.........#.#D.##.
.#.#...###...#.#.#######.#.#.##..
.#.#.###...#.#.##.#.#.#.##.#.#...
.#.#.#..©#.#.#.#.h..©....#.#....©
.#.#...###..G#.#h#b#.#.#.#.#.#...
w#.#.###...#G#.#@#######.#.#.##..
w#.#.#...###.#.#.........#.#..##.
w#.#..?.©u)..#.#..!.©[$..#.#..$(©
##.###########.###########.######
.................................
.............≈∩≈.................
#################################
# #8##≈...............≈##8# #8# #
# ####8..©.©.©.©.©.©..8#### ### #


You could see a green ugly thing, a hell hog (catching breath, corroded), 2
glowing orange brains, a hell hound (catching breath) and a fire bat.

Vanquished Creatures
  An unseen horror (D:11)
  An ugly thing (D:11)
  3 cane toads (Lair:1)
  A komodo dragon (D:10)
  3 trolls (D:10)
  A queen bee (Gauntlet)
  A raiju (Gauntlet)
  A wyvern (D:10)
  22 yaks
  A basilisk (D:8)
  A steam dragon (Gauntlet)
  2 fire bats
  An acid dragon (D:11)
  3 water moccasins
  4 sky beasts
  A hell hound (Gauntlet)
  6 orc warriors
  3 black bears
  2 phantoms (D:9)
  2 ice beasts
  7 ogres
  4 centaurs
  A big kobold (D:11)
  8 bullfrogs
  2 scorpions
  8 wights
  13 killer bees
  4 howler monkeys
  3 centaur zombies
  A bullfrog zombie (D:6)
  4 hounds
  7 orc wizards
  5 orc priests
  5 jellies
  2 bullfrog skeletons (D:11)
  2 centaur skeletons
  3 iguanas
  10 worker ants
  8 adders
  2 shadow imps
  4 white imps
  5 ufetubi
  An ooze (D:6)
  An adder skeleton (D:7)
  An adder zombie (D:6)
  3 dart slugs
  3 leopard geckos
  28 orcs
  2 giant cockroaches (D:1)
  8 goblins
  6 hobgoblins
  11 jackals
  9 kobolds
  A quokka (D:2)
  2 ball pythons
  3 bats
  A giant cockroach zombie (D:5)
  A leopard gecko skeleton (D:4)
  A leopard gecko zombie (D:5)
  A quokka skeleton (D:4)
  12 rats
263 creatures vanquished.

Vanquished Creatures (collateral kills)
  A quokka (D:7)
1 creature vanquished.

Vanquished Creatures (others)
  14 fungi
  15 plants
29 creatures vanquished.

Grand Total: 293 creatures vanquished

Notes
Turn   | Place    | Note
-------+----------+-------------------------------------------
     0 | D:1      | suipiss the Mummy Necromancer began the quest for the Orb.
     0 | D:1      | Reached XP level 1. HP: 13/13 MP: 4/4
   256 | D:1      | Reached skill level 3 in Spellcasting
   402 | D:1      | Reached XP level 2. HP: 19/19 MP: 3/6
   434 | D:1      | Learned a level 1 spell: Animate Skeleton
  1028 | D:1      | Reached XP level 3. HP: 24/24 MP: 5/7
  1032 | D:1      | Learned a level 3 spell: Vampiric Draining
  1813 | D:2      | Reached skill level 4 in Spellcasting
  1813 | D:2      | Reached XP level 4. HP: 30/30 MP: 7/10
  2594 | D:3      | Reached skill level 5 in Necromancy
  2837 | D:4      | Noticed a phantom
  2839 | D:4      | Noticed an ogre
  2850 | D:4      | Noticed a fire bat
  2850 | D:4      | an ogre changed into a fire bat
  3438 | D:4      | Noticed an ogre
  3450 | D:4      | Killed an ogre
  3451 | D:4      | Reached XP level 5. HP: 35/35 MP: 9/12
  3468 | D:4      | Found a staircase to the Ecumenical Temple.
  3496 | Temple   | Entered the Ecumenical Temple
  3638 | Temple   | Became a worshipper of Ashenzari the Shackled
  3760 | D:4      | Reached skill level 5 in Spellcasting
  4588 | D:4      | Killed a fire bat
  4589 | D:4      | Reached XP level 6. HP: 41/41 MP: 14/14
  4712 | D:5      | Entered Level 5 of the Dungeon
  4719 | D:5      | Learned a level 5 spell: Agony
  5048 | D:5      | Got the whip of Mastery {vorpal, Dex+3 Stlth+}
  5050 | D:5      | Got the war axe "Oguirem" {venom, rC+ rN+ Str+3}
  5051 | D:5      | Identified the +10 war axe "Oguirem" {venom, rC+ rN+ Str+3}
                  | (You found it on level 5 of the Dungeon)
  5052 | D:5      | Identified the +6 whip of Mastery {vorpal, Dex+3 Stlth+}
                  | (You found it on level 5 of the Dungeon)
  5064 | D:5      | Reached skill level 6 in Spellcasting
  5384 | D:5      | Found a shadowy altar of Dithmenos.
  5400 | D:5      | Reached XP level 7. HP: 41/46 MP: 16/16
  5688 | D:6      | Reached * piety under Ashenzari
  5931 | D:6      | Reached skill level 7 in Spellcasting
  6152 | D:6      | Found a basalt altar of Yredelemnul.
  6515 | D:6      | Reached XP level 8. HP: 43/52 MP: 19/19
  6967 | D:6      | Reached skill level 8 in Spellcasting
  6967 | D:6      | Reached skill level 1 in Ice Magic
  7227 | D:6      | Got the dagger of a volcano {protect, MP+9 Int+2}
  7228 | D:6      | Identified the +8 dagger of a volcano {protect, MP+9 Int+2}
                  | (You found it on level 6 of the Dungeon)
  8046 | D:7      | Reached skill level 1 in Armour
  8332 | D:7      | Reached skill level 9 in Spellcasting
  8332 | D:7      | Reached XP level 9. HP: 48/57 MP: 22/22
  9023 | D:8      | Reached skill level 1 in Shields
  9541 | D:8      | Found a white marble altar of Elyvilon.
  9541 | D:8      | Found a hazy altar of Hepliaklqana.
  9546 | D:8      | Found a snail-covered altar of Cheibriados.
  9572 | D:8      | Found a shimmering altar of Xom.
  9709 | D:8      | Reached ** piety under Ashenzari
  9876 | D:9      | Reached skill level 10 in Spellcasting
 10046 | D:9      | Reached XP level 10. HP: 63/63 MP: 24/24
 10125 | D:9      | Reached skill level 5 in Dodging
 10436 | D:9      | Found an iron altar of Okawaru.
 10944 | D:10     | Entered Level 10 of the Dungeon
 11122 | D:10     | Reached *** piety under Ashenzari
 11250 | D:10     | Reached skill level 5 in Ice Magic
 11480 | D:10     | Found a staircase to the Lair.
 11674 | D:10     | Reached skill level 11 in Spellcasting
 11868 | D:10     | Found Bepre's Gadget Emporium.
 11901 | D:11     | Noticed a white ugly thing
 11908 | D:11     | Killed a white ugly thing
 12077 | D:11     | Reached XP level 11. HP: 52/68 MP: 26/26
 12508 | D:11     | Found a staircase to the Orcish Mines.
 12560 | D:11     | Found a roughly hewn altar of Beogh.
 12688 | D:11     | Noticed an unseen horror
 12705 | D:11     | Killed an unseen horror
 13486 | Lair:1   | Entered Level 1 of the Lair of Beasts
 13539 | Lair:1   | Reached skill level 12 in Spellcasting
 13776 | Lair:1   | Found a gate leading to a gauntlet.
 13794 | Gauntlet | Entered a Gauntlet
 13794 | Gauntlet | Found a transporter.
 13854 | Gauntlet | Found a transporter.
 13869 | Gauntlet | Found a transporter.
 13874 | Gauntlet | Found a transporter.
 13891 | Gauntlet | Found a transporter.
 13909 | Gauntlet | Found a transporter.
 13921 | Gauntlet | Found a transporter.
 13924 | Gauntlet | Noticed a glowing orange brain
 13924 | Gauntlet | Noticed a glowing orange brain
 13927 | Gauntlet | Found a transporter.
 13934 | Gauntlet | Noticed a green ugly thing
 13942 | Gauntlet | Found a transporter.
 13942 | Gauntlet | Noticed a hell hog
 13944 | Gauntlet | Found the +3 crown of Dyrovepreva {rElec Int+2 SInv}
 13948 | Gauntlet | Found a transporter.
 13956 | Gauntlet | Reached **** piety under Ashenzari
 13963 | Gauntlet | Found a transporter.
 13964 | Gauntlet | Noticed a six-headed hydra
 13971 | Gauntlet | Found a large runed translucent door.
 13971 | Gauntlet | Noticed a dire elephant
 13972 | Gauntlet | Found a large runed translucent door.
 13973 | Gauntlet | Found a large runed translucent door.
 13973 | Gauntlet | Found a large runed translucent door.
 13974 | Gauntlet | Found a runed translucent gate.
 13975 | Gauntlet | Found a transporter.
 13975 | Gauntlet | Found a runed translucent gate.
 13976 | Gauntlet | Found a runed translucent gate.
 13977 | Gauntlet | Found a large runed translucent door.
 13977 | Gauntlet | Found a large runed translucent door.
 13978 | Gauntlet | Found a large runed translucent door.
 13979 | Gauntlet | Found a large runed translucent door.
 13991 | Gauntlet | Found a large runed translucent door.
 13991 | Gauntlet | Found a large runed translucent door.
 13991 | Gauntlet | Found a runed translucent door.
 13991 | Gauntlet | Found a runed translucent door.
 13992 | Gauntlet | Found a large runed translucent door.
 13993 | Gauntlet | Found a large runed translucent door.
 13995 | Gauntlet | Found a transporter.
 13995 | Gauntlet | Found a transporter.
 14021 | Gauntlet | Found a transporter.
 14053 | Gauntlet | Found a large runed translucent door.
 14053 | Gauntlet | Found a large runed translucent door.
 14054 | Gauntlet | Found a large runed translucent door.
 14055 | Gauntlet | Found a large runed translucent door.
 14076 | Gauntlet | Found a transporter.
 14103 | Gauntlet | Found a transporter.
 14139 | Gauntlet | Found a transporter.
 14453 | Gauntlet | Killed from afar by a hell hog

Illustrated notes

Levels and vault maps discovered:
D:1:      eino_arrival_water_cross, layout_loops_ring, minmay_rat_gold_closets
D:2:      layout_loops_ring
D:3:      layout_rooms
D:4:      layout_basic, minmay_temple_entry_stoned_glass,
          serial_co_window_serial, co_window_of_opportunity_a,
          co_window_corner_a, co_window_cross_1, co_window_paths_b,
          co_window_paths_a, co_window_corner_a, co_window_paths_a,
          co_window_unsneaky_path_e, co_window_corner_ca, co_window_corner_b,
          co_window_broadway_a, co_window_cross_2, co_window_corner_ca,
          co_window_paths_c, glass_columns_b, glass_columns_b, glass_columns_a,
          glass_columns_c
D:5:      layout_basic, nicolae_dithmenos_the_darkroom
D:6:      layout_gridville, kennysheep_mini, kennysheep_opposing_triangles
D:7:      layout_basic
D:8:      layout_rooms, minitemple, basic_altar, kennysheep_minor_cross,
          corexii_hall_statues_x
D:9:      layout_irregular_city, nicolae_overflow_crystal_walls
D:10:     minmay_stone_box, layout_basic, grunt_lair_entry_orc_guard_hut,
          serial_shops, shop, st_stairs_7, grunt_decor_one_mirror
D:11:     layout_roguey, minmay_orc_entry_temple_small, minmay_misc_feat_x,
          grunt_ogre_cave
Temple:   eino_temple_scatter_basement
Lair:1:   layout_chaotic_city, gauntlet_entry_generic
Gauntlet: gammafunk_gauntlet_one_two_three [gammafunk_gauntlet_arena_spirals,
          gammafunk_gauntlet_arena_hedges, gammafunk_gauntlet_arena_crates,
          minmay_gauntlet_arena_make_your_own_arena,
          gammafunk_gauntlet_arena_split_diamond,
          gammafunk_gauntlet_arena_teeth, nicolae_gauntlet_arena_grate_2,
          gammafunk_gauntlet_arena_open, nicolae_gauntlet_swirl,
          gauntlet_exit_watery]

Skill      XL: |  1  2  3  4  5  6  7  8  9 10 11 |
---------------+----------------------------------+-----
Spellcasting   | 3 4 5 6 7 9 10 11 12 | 12.4
Dodging        | 2 3 4 5 6 |  6.3
Necromancy     | 5 6 7 8 9 |  9.5
Ice Magic      | 2 4 5 7 |  7.0
Armour         | 1 3 4 |  4.0
Shields        | 2 4 |  4.0
Stealth        | |  1.5

Action                   |  1- 3 |  4- 6 |  7- 9 | 10-12 || total
-------------------------+-------+-------+-------+-------++-------
Melee: Hand axe          |    19 |       |       |       ||    19
       Short sword       |     1 |    51 |       |       ||    52
       War axe           |       |    17 |    63 |    48 ||   128
       Dagger            |       |       |   228 |   413 ||   641
 Cast: Pain              |    65 |    39 |    39 |     7 ||   150
       Vampiric Draining |     2 |    11 |    50 |    97 ||   160
       Animate Skeleton  |       |     3 |     3 |     5 ||    11
       Agony             |       |       |       |     7 ||     7
Invok: Curse Item        |       |     1 |     1 |       ||     2
Evoke: Wand              |       |     3 |       |    11 ||    14
       Lightning rod     |       |       |       |     2 ||     2
  Use: Scroll            |     1 |     5 |     6 |     3 ||    15
 Stab: Sleeping          |       |     2 |     1 |       ||     3
Armor: Robe              |     6 |     9 |    30 |       ||    45
       Pearl dragon scal |       |       |   136 |   330 ||   466
Dodge: Dodged            |    23 |    67 |   236 |   336 ||   662
Block: Buckler           |       |       |       |    85 ||    85
